 Dungeon Sprint DCSS version 0.22.1-1-ga44c0e56f4 (webtiles) character file.

6099 MuseOD the Unseen (level 10, -8/82 (87) HPs)
             Began as a Spriggan Enchanter on Oct 3, 2018.
             Was a Priest of Dithmenos.
             Killed by divine providence
             ... invoked by an orc priest
              (15 damage)
             ... in the Dungeon (Sprint III: "The Ten Rune Challenge").
             The game lasted 00:03:17 (1372 turns).

MuseOD the Unseen (Spriggan Enchanter)              Turns: 1372, Time: 00:03:18

HP:   -8/82 (87)    AC:  2    Str:  9    XL:     10   Next: 58%
MP:   13/24         EV: 18    Int: 20    God:    Dithmenos [***...]
Gold: 39            SH:  0    Dex: 17    Spells: 19/28 levels left

rFire    . . .     SeeInvis +   a - +1 dagger
rCold    . . .     Gourm    .   (shield restricted)
rNeg     . . .     Faith    .   b - +0 robe
rPois    .         Spirit   .   (helmet restricted)
rElec    .         Reflect  .   (no cloak)
rCorr    .         Harm     .   (gloves unavailable)
MR       +....     NoTele   +   (boots unavailable)
Stlth    ..........             (no amulet)
HPRegen  0.23/turn              (no ring)
MPRegen  0.19/turn              (no ring)

@: berserking, wreathed by umbra, very quick
A: very small, unfitting armour, see invisible, herbivore, speed 3, slow
metabolism 2
a: Shadow Step, Renounce Religion


You were in the Dungeon.
You worshipped Dithmenos.
Dithmenos was most pleased with you.
You were not hungry.

You visited 1 branch You collected 39 gold pieces.

Inventory:

Hand Weapons
 a - a +1 dagger (weapon)
Armour
 b - a +0 robe (worn)
Wands
 p - a wand of iceblast (5)
Scrolls
 c - a scroll of magic mapping {unknown}
 i - 2 scrolls of remove curse {unknown}
 j - a scroll of blinking
 k - a scroll of holy word {unknown}
 n - a scroll of torment {unknown}
 o - 2 scrolls of identify
Potions
 e - 2 potions of curing
 f - 2 potions of heal wounds
 g - a potion of haste
 h - 2 potions of magic
 l - 3 potions of mutation {unknown}
 m - 2 potions of flight {unknown}
 q - a potion of berserk rage
Comestibles
 d - 4 rations


   Skills:
 + Level 9.4 Fighting
 * Level 16.0 Short Blades
 - Level 3.0 Dodging
 + Level 16.3 Stealth
 + Level 9.7 Spellcasting
 + Level 5.9 Conjurations
 + Level 10.1 Hexes


You had 19 spell levels left.
You knew the following spells:

 Your Spells              Type           Power        Failure   Level  Hunger
a - Corona                Hex            ######.      1%          1    None
b - Ensorcelled Hibernat  Hex/Ice        ####..       1%          2    None
c - Confuse               Hex            ######..     1%          3    None
d - Dazzling Spray        Conj/Hex       #####.       1%          3    None

Your spell library contained the following spells:

 Spells                   Type           Power        Failure   Level  Hunger
 Confusing Touch          Hex            ######       1%          1    None
 Tukima's Dance           Hex            ######..     1%          3    None
 Animate Skeleton         Necr           N/A          7%          1    None
 Apportation              Tloc           #.....       7%          1    None
 Summon Small Mammal      Summ           #...         7%          1    None


Dungeon Overview and Level Annotations

Branches:
Dungeon (1/1)

Altars:
Dithmenos
Elyvilon
Kikubaaqudgha
Okawaru
Ru
Sif Muna
Trog
Uskayaw
Vehumet
Wu Jian
Yredelemnul
Zin
The Shining One
Beogh


Innate Abilities, Weirdness & Mutations

You are very small and have problems with some larger weapons.
You are too small for most types of armour.
You have supernaturally acute eyesight. (SInv)
You are a herbivore.
You cover ground extremely quickly.
You need to consume almost no food.


Message History

The orc priest misses you.
The orc high priest hits the plant with a war axe!
The orc high priest hits you with a war axe.
* * * LOW HITPOINT WARNING * * *
You puncture the orc high priest!
The orc high priest is lightly wounded.
The orc priest closely misses you. The orc priest misses you.
The orc high priest calls upon Beogh to heal the orc high priest.
The orc high priest is healed somewhat.
You hit the orc high priest.
The orc high priest is lightly wounded.
You puncture the orc high priest!
The orc high priest is lightly wounded.
The orc high priest hits the plant with a war axe.
The orc high priest misses you.
You closely miss the orc high priest.
The orc high priest is lightly wounded.
The orc priest invokes the aid of Beogh against you.
Beogh smites you!
You die...

+.#.#.#.#
##.#.#.##
##'########
#...'.≈§≈≈#
#...#.§§≈≈#
#).)#.#§§§#
#####.# §≈§


#oPPP.# §≈≈ #@oPPP# §§ #oo.PP# #....P# #+##### You could see 2 orc high priests
and 2 orc priests.

Vanquished Creatures
  Frances (D)
  Donald (D)
  Erica (D)
  A centaur warrior (D)
  An unseen horror (D)
  A deep elf mage (D)
  A shadow (D)
  A necrophage (D)
  2 centaurs (D)
  An earth elemental (D)
  A water elemental (D)
  A jelly (D)
  A wizard (D)
  A necromancer (D)
  3 humans (D)
  A kobold demonologist (D)
  A phantom (D)
  4 rats (D)
24 creatures vanquished.

Vanquished Creatures (others)
  2 draconian scorchers (D)
  A yaktaur (D)
  6 hellions (D)
  An electric eel (D)
10 creatures vanquished.

Grand Total: 34 creatures vanquished

Notes
Turn   | Place    | Note
-------+----------+-------------------------------------------
     0 | D        | MuseOD the Spriggan Enchanter began the quest for the Orb.
     0 | D        | Reached XP level 1. HP: 9/9 MP: 5/5
    39 | D        | Killed a yaktaur
    86 | D        | Killed a hellion
    88 | D        | Killed a hellion
   115 | D        | Reached skill level 1 in Fighting
   115 | D        | Reached XP level 2. HP: 15/15 MP: 6/6
   131 | D        | Killed a hellion
   134 | D        | Killed a hellion
   144 | D        | Killed a hellion
   146 | D        | Killed a hellion
   165 | D        | Learned a level 2 spell: Ensorcelled Hibernation
   167 | D        | Killed a white draconian scorcher
   214 | D        | Killed a white draconian scorcher
   364 | D        | Noticed a water elemental
   367 | D        | Killed a water elemental
   367 | D        | Reached XP level 3. HP: 20/20 MP: 8/8
   367 | D        | Reached XP level 4. HP: 24/24 MP: 9/9
   372 | D        | Learned a level 3 spell: Confuse
   379 | D        | Found a basalt altar of Yredelemnul.
   379 | D        | Found a shadowy altar of Dithmenos.
   379 | D        | Found a sacrificial altar of Ru.
   379 | D        | Noticed a necrophage
   436 | D        | Killed a necrophage
   436 | D        | Reached XP level 5. HP: 20/27 MP: 1/10
   458 | D        | Became a worshipper of Dithmenos the Shadowed
   810 | D        | Found a glowing silver altar of Zin.
   810 | D        | Found a glowing golden altar of the Shining One.
   810 | D        | Found a white marble altar of Elyvilon.
   810 | D        | Noticed a deep elf mage
   813 | D        | Killed a deep elf mage
   813 | D        | Reached XP level 6. HP: 34/34 MP: 11/11
   813 | D        | Reached XP level 7. HP: 38/38 MP: 12/12
   823 | D        | Found a radiant altar of Vehumet.
   824 | D        | Found a deep blue altar of Sif Muna.
   824 | D        | Found an ancient bone altar of Kikubaaqudgha.
   827 | D        | Reached * piety under Dithmenos
   839 | D        | Learned a level 3 spell: Dazzling Spray
   844 | D        | Found a hide-covered altar of Uskayaw.
   844 | D        | Found a roughly hewn altar of Beogh.
   844 | D        | Found an iron altar of Okawaru.
   844 | D        | Found a bloodstained altar of Trog.
   844 | D        | Found an ornate altar of the Wu Jian Council.
   844 | D        | Noticed a human
   844 | D        | Noticed a human
   847 | D        | Killed a human
   847 | D        | Reached skill level 1 in Conjurations
   850 | D        | Killed a human
   995 | D        | Noticed a shadow
   997 | D        | Killed a shadow
   997 | D        | Reached ** piety under Dithmenos
   997 | D        | Reached skill level 5 in Hexes
   997 | D        | Reached XP level 8. HP: 43/43 MP: 15/15
  1048 | D        | Noticed Erica
  1050 | D        | Killed Erica
  1071 | D        | Noticed a centaur warrior
  1080 | D        | Reached *** piety under Dithmenos
  1082 | D        | Reached XP level 9. HP: 20/48 MP: 10/19
  1085 | D        | Killed a centaur warrior
  1344 | D        | Noticed an unseen horror
  1346 | D        | Killed an unseen horror
  1346 | D        | Reached skill level 15 in Stealth
  1349 | D        | Noticed Donald
  1349 | D        | Noticed Frances
  1353 | D        | Killed Donald
  1353 | D        | Reached **** piety under Dithmenos
  1353 | D        | Reached skill level 15 in Short Blades
  1353 | D        | Reached skill level 5 in Conjurations
  1353 | D        | Reached XP level 10. HP: 55/55 MP: 21/24
  1354 | D        | Killed Frances
  1354 | D        | Reached skill level 10 in Hexes
  1372 | D        | Killed from afar by an orc priest

Skill      XL: |  1  2  3  4  5  6  7  8  9 10 |
---------------+-------------------------------+-----
Short Blades   | 4 6 8 11 12 13 15 16 | 16.0
Fighting       | 1 3 4 6 7 9 |  9.4
Stealth        | 6 7 9 12 13 14 15 16 | 16.3
Spellcasting   | 4 6 9 |  9.7
Conjurations   | 2 3 5 |  5.9
Hexes          | 5 6 9 10 | 10.1
Dodging        | |  3.0

Action                   |  1- 3 |  4- 6 |  7- 9 | 10-12 || total
-------------------------+-------+-------+-------+-------++-------
Melee: Dagger            |    39 |    14 |    19 |     9 ||    81
 Cast: Confuse           |       |     4 |     3 |     1 ||     8
       Dazzling Spray    |       |       |     4 |     1 ||     5
Invok: Shadow Step       |       |       |       |     1 ||     1
  Use: Potion            |     1 |       |       |     1 ||     2
 Stab: Sleeping          |     2 |     1 |     8 |     1 ||    12
       Confused          |       |     2 |     3 |       ||     5
       Invisible         |       |       |     3 |       ||     3
Armor: Robe              |     1 |       |       |     1 ||     2
Dodge: Dodged            |    23 |     7 |    11 |    10 ||    51
